AoeStats
← Phreakzz

Arabia

507548780Analyzed
1v1 RM · 15d ago on Sep 18, 2026· 48m 18s· 2 players
Game mode
Random Map
Map size
Tiny (2 player)
Population
200
Speed
Normal
Resources
Standard
Victory
Conquest
Starting age
Dark Age
Ending age
Imperial Age
RankedLock teamsTeams togetherTeam positionsShared explorationLock speedFull tech treeHidden civsTurbo modeCheats
Victory
Defeat
🇷🇴 Franks · Romania
1383
+16
🇭🇰 Magyars · Hong Kong SAR China
1391
-16
Phreakzz
6:15 Loom
8:54 Feudal Age
9:29 Double-Bit Axe
21:00 Castle Age
19:21 Scale Barding Armor
21:29 Wheelbarrow
21:43 Forging
22:19 Chain Barding Armor
25:34 Bow Saw
27:56 Fletching
29:03 Husbandry
34:02 Gold Mining
34:03 Stone Mining
37:15 Imperial Age
35:50 Iron Casting
36:49 Bodkin Arrow
37:16 Cavalier
38:33 Plate Barding Armor
38:58 Blast Furnace
39:26 Conscription
39:32 Hand Cart
39:03 Town Watch
40:18 Paladin
42:08 Scale Mail Armor
43:25 Chemistry
43:32 Elite Skirmisher
44:14 Padded Archer Armor
45:01 Chivalry
45:57 Light Cavalry
吉大大
6:27 Loom
9:09 Feudal Age
9:46 Double-Bit Axe
15:17 Horse Collar
21:31 Castle Age
19:27 Gold Mining
19:55 Bloodlines
20:04 Fletching
21:29 Padded Archer Armor
22:28 Bow Saw
22:18 Bodkin Arrow
22:29 Husbandry
23:21 Heavy Plow
24:44 Wheelbarrow
25:59 Leather Archer Armor
29:19 Ballistics
30:02 Thumb Ring
32:04 Stone Mining
38:11 Imperial Age
35:28 Town Watch
37:21 Gold Shaft Mining
36:48 Corvinian Army
37:05 Masonry
37:43 Hand Cart
39:02 Recurve Bow
39:12 Bracer
40:23 Chemistry
39:52 Conscription
40:47 Two-Man Saw
40:31 Scale Barding Armor
40:57 Ring Archer Armor
43:03 Chain Barding Armor
44:34 Parthian Tactics
45:20 Heavy Cavalry Archer
48:26 Scale Mail Armor
49:01 Plate Barding Armor
Connection lost

Rejoining the realm…

Still unreachable

The connection could not be restored.

Session expired

The server has moved on; the page needs a fresh start.